AoeStats
← 青山依旧在 几度夕阳红

Arena

508262630Analyzed
4v4 RM · 9d ago on Sep 21, 2026· 46m 32s· 8 players
Game mode
Random Map
Map size
Large (8 player)
Population
200
Speed
Normal
Resources
Standard
Victory
Conquest
Starting age
Dark Age
Ending age
Imperial Age
RankedLock teamsTeams togetherTeam positionsShared explorationLock speedFull tech treeHidden civsTurbo modeCheats
Victory
Defeat
🇦🇷 Lithuanians · Argentina
953
+15
928
+16
🇯🇵 Bohemians · Japan
879
+18
🇺🇸 Huns · United States
856
+19
🇸🇪 Romans · Sweden
975
-19
🇸🇪 Franks · Sweden
928
-17
🇩🇪 Poles · Germany
916
-17
🇳🇱 Magyars · Netherlands
880
-15
Hrakiir
4:49 Loom
11:04 Feudal Age
11:53 Double-Bit Axe
11:49 Horse Collar
18:19 Castle Age
17:32 Gold Mining
21:58 Wheelbarrow
22:28 Heavy Plow
22:39 Bow Saw
22:23 Stone Mining
23:54 Husbandry
24:04 Bloodlines
26:06 Scale Barding Armor
26:12 Forging
26:12 Light Cavalry
27:24 Chain Barding Armor
31:58 Szlachta Privileges
32:31 Iron Casting
34:35 Imperial Age
32:39 Stone Mining
34:53 Cavalier
36:11 Conscription
Kim Jong eel
9:07 Loom
12:24 Feudal Age
13:18 Double-Bit Axe
16:27 Castle Age
18:46 Bow Saw
20:51 Town Watch
23:04 Wheelbarrow
24:08 Gold Mining
26:12 Hand Cart
28:06 Scale Barding Armor
28:13 Forging
31:26 Imperial Age
29:22 Husbandry
32:50 Iron Casting
33:35 Chain Barding Armor
32:51 Cavalier
36:23 Paladin
42:03 Chemistry
41:14 Fortified Wall
41:01 Murder Holes
41:31 Ballistics
41:43 Conscription
40:54 Onager
RichardGere69
10:45 Feudal Age
12:41 Double-Bit Axe
16:37 Castle Age
17:48 Bow Saw
17:46 Horse Collar
22:46 Town Watch
22:50 Loom
25:13 Wheelbarrow
25:02 Stone Mining
25:05 Gold Mining
28:05 Hand Cart
27:59 Pikeman
28:39 Squires
31:27 Imperial Age
30:10 Scale Mail Armor
30:01 Fletching
30:46 Ballistas
32:36 Ballistics
32:33 Town Patrol
34:19 Heavy Scorpion
34:56 Bodkin Arrow
35:12 Siege Engineers
36:09 Chemistry
34:39 Halberdier
36:37 Elite Skirmisher
Aztes
11:20 Feudal Age
12:18 Loom
13:27 Double-Bit Axe
18:52 Castle Age
17:53 Stone Mining
19:43 Wheelbarrow
18:53 Town Watch
19:07 Gold Mining
24:11 Pikeman
30:10 Imperial Age
28:53 Hand Cart
28:39 Town Patrol
29:40 Corvinian Army
30:36 Scale Barding Armor
31:31 Parthian Tactics
32:53 Gold Shaft Mining
34:56 Scale Mail Armor
35:16 Chain Barding Armor
34:29 Pikeman
35:58 Man-at-Arms
38:36 Caravan
Rvchyv
5:41 Loom
10:01 Loom
12:11 Feudal Age
15:12 Double-Bit Axe
20:39 Castle Age
19:20 Wheelbarrow
21:45 Husbandry
22:05 Bow Saw
21:45 Horse Collar
23:06 Heavy Plow
30:21 Hand Cart
31:20 Bloodlines
31:13 Town Watch
31:43 Forging
31:30 Fletching
33:13 Thumb Ring
33:53 Ballistics
34:49 Gold Mining
34:50 Stone Mining
35:17 Masonry
37:51 Imperial Age
35:52 Padded Archer Armor
35:58 Scale Barding Armor
36:35 Gold Shaft Mining
37:06 Bodkin Arrow
37:27 Leather Archer Armor
38:22 Heavy Cavalry Archer
39:28 Parthian Tactics
39:18 Bracer
39:54 Iron Casting
39:40 Chain Barding Armor
40:35 Chemistry
39:31 Murder Holes
39:58 Light Cavalry
40:56 Hussar
43:16 Blast Furnace
42:52 Plate Barding Armor
44:32 Marauders
44:53 Conscription
t45zeus
10:20 Feudal Age
9:36 Loom
15:06 Castle Age
12:55 Double-Bit Axe
20:53 Town Watch
21:45 Wheelbarrow
23:28 Hand Cart
28:54 Imperial Age
27:28 Chemistry
26:31 Scale Mail Armor
26:37 Horse Collar
27:14 Bow Saw
28:21 Heavy Plow
29:44 Squires
29:05 Pikeman
30:21 Chain Mail Armor
30:16 Forging
31:10 Two-Man Saw
30:12 Halberdier
32:44 Plate Mail Armor
32:50 Iron Casting
33:32 Ballistics
33:50 Houfnice
35:15 Conscription
35:01 Wagenburg Tactics
35:07 Wagenburg Tactics
38:06 Blast Furnace
37:55 Heavy Scorpion
42:31 Capped Ram
DUNCAN
10:09 Feudal Age
11:31 Double-Bit Axe
11:37 Loom
12:07 Horse Collar
17:36 Castle Age
16:57 Scale Barding Armor
18:08 Bloodlines
18:13 Forging
18:42 Gold Mining
20:42 Bow Saw
21:24 Heavy Plow
24:24 Wheelbarrow
23:34 Town Watch
25:43 Stone Mining
27:32 Stone Shaft Mining
28:11 Town Patrol
28:27 Redemption
28:37 Sanctity
28:28 Fervor
28:19 Atonement
28:24 Herbal Medicine
28:51 Sanctity
28:33 Devotion
31:14 Imperial Age
28:29 Treadmill Crane
30:45 Careening
30:30 Murder Holes
30:46 Fortified Wall
30:01 Pikeman
31:30 Masonry
31:58 Husbandry
32:36 Iron Casting
31:25 Light Cavalry
33:25 Two-Man Saw
33:55 Chemistry
34:09 Hand Cart
33:57 Squires
34:00 Scale Mail Armor
34:23 Chain Barding Armor
33:36 Cavalier
40:03 Light Cavalry
青山依旧在 几度夕阳红
10:55 Feudal Age
12:15 Loom
14:49 Castle Age
13:31 Double-Bit Axe
14:50 Horse Collar
22:13 Wheelbarrow
22:39 Bow Saw
25:01 Heavy Plow
25:27 Hand Cart
30:22 Imperial Age
28:04 Forging
28:44 Szlachta Privileges
28:50 Scale Barding Armor
29:55 Bloodlines
29:46 Husbandry
30:28 Iron Casting
30:45 Cavalier
31:59 Crop Rotation
32:43 Blast Furnace
32:04 Chain Barding Armor
32:08 Conscription
31:27 Light Cavalry
33:22 Scale Mail Armor
33:13 Fletching
33:24 Padded Archer Armor
34:42 Lechitic Legacy
34:06 Winged Hussar
44:47 Chain Mail Armor
44:48 Leather Archer Armor
44:06 Sappers
45:12 Hoardings
Connection lost

Rejoining the realm…

Still unreachable

The connection could not be restored.

Session expired

The server has moved on; the page needs a fresh start.